 Dungeon Crawl Stone Soup version 0.31.0-1-g2c135a0 (webtiles) character file.

Game seed: 11091493023205903522

1564032 naoky the Blood Saint (level 27, 232/232 HPs)
             Began as a Demonspawn Artificer on Jan 21, 2024.
             Was the Champion of Makhleb.
             Escaped with the Orb
             ... and 3 runes!
             The game lasted 04:39:22 (83886 turns).

naoky the Blood Saint (Demonspawn Artificer)       Turns: 83886, Time: 04:39:23

Health: 232/232    AC: 51    Str: 22    XL:     27
Magic:  49/49      EV: 10    Int: 13    God:    Makhleb [******]
Gold:   2848       SH: 22    Dex: 14    Spells: 38/38 levels left

rFire   + . .        a - +9 eveningstar (drain)
rCold   + + +        j - +2 shield of Resistance {rF++ rC++ Will++}
rNeg    + . .        O - +12 crystal plate armour
rPois   +            (helmet restricted)
rElec   +            m - +4 dragonskin cloak
rCorr   +            (gloves unavailable)
SInv    +            C - +1 pair of boots of the Trombone {rPois rN+}
Will    +++++        A - amulet of the Exiled Yaks {Reflect Regen+ MP+9 SH+5} Stlth
                     L - ring "Pibuclim" {Dex+3 SInv}
HPRegen 1.38/turn    P - ring "Poklem" {rElec rC+ rCorr}
MPRegen 0.62/turn

%: reflection, guardian spirit
@: studying 2 skills
A: icy blue scales 3, hurl damnation, spiny 3, torment resistance 1, magic
shield, magic regeneration, magic link, demonic willpower, demonic touch 3,
horns 1, clumsy 2, passive freeze, weak 1, evolution 1, no potion heal 1, cold
vulnerability 1, heat vulnerability 1, persistent drain
0: Orb of Zot
}: 3/15 runes: decaying, serpentine, silver
a: Hurl Damnation, Renounce Religion, Minor Destruction, Lesser Servant of
Makhleb, Major Destruction, Greater Servant of Makhleb


You escaped.
You worshipped Makhleb.
Makhleb was exalted by your worship.
You visited 11 branches of the dungeon, and saw 50 of its levels.
You also visited: Sewer, Bailey and Ice Cave.

You collected 10694 gold pieces.
You spent 7846 gold pieces at shops.

Inventory:

Hand Weapons
 a - a +9 eveningstar of draining (weapon)
 b - the +5 demon whip "Spellbinder" {antimagic, disrupt, Will+}
   (You acquired it on level 15 of the Dungeon)

   Will+:     It increases your willpower.
Missiles
 s - 4 throwing nets
 W - 7 javelins
Armour
 j - the +2 shield of Resistance (worn) {rF++ rC++ Will++}
   (You took it off a deep elf high priest on level 3 of the Elven Halls)

   rF++:      It greatly protects you from fire.
   rC++:      It greatly protects you from cold.
   Will++:    It greatly increases your willpower.
 m - the +4 dragonskin cloak (worn)
   (You took it off Tiamat on level 2 of the Realm of Zot)

   Avatar's Aegis: It grants the wearer a chance to resist fire, cold, poison,
   electricity, acid, and negative energy.
 C - the +1 pair of boots of the Trombone (worn) {rPois rN+}
   (You acquired it on level 1 of the Lair of Beasts)

   rPois:     It protects you from poison rN+: It protects you from negative
   energy.
 O - a +12 crystal plate armour (worn)
 Q - the +5 helmet of the Wasteland {Rampage +Blink Stlth-}
   (You found it on level 5 of the Vaults)

   +Blink:    It lets you blink.
   Rampage:   It bestows one free step when moving towards enemies.
   Stlth-:    It makes you less stealthy.
Jewellery
 g - a ring of protection from fire
 u - a ring of positive energy
 A - the amulet of the Exiled Yaks (around neck) {Reflect Regen+ MP+9 SH+5}
   (You acquired it on level 1 of the Lair of Beasts)

   [amulet of reflection]

   Reflect:   It reflects blocked missile attacks.
   MP+9:      It affects your magic capacity (+9).
   Regen+:    It increases your rate of health regeneration.
   SH+5:      It affects your SH (+5).
 L - the ring "Pibuclim" (left hand) {Dex+3 SInv}
   (You took it off a kobold on level 4 of the Dungeon)

   [ring of see invisible]

   Dex+3:     It affects your dexterity (+3).
   SInv:      It lets you see invisible.
 P - the ring "Poklem" (right hand) {rElec rC+ rCorr}
   (You took it off a fire giant on level 3 of the Depths)

   [ring of protection from cold]

   rC+:       It protects you from cold.
   rElec:     It insulates you from electricity.
   rCorr:     It protects you from acid and corrosion.
 U - the ring of Riluub Ted {+Blink rN+ MP+9 Str+3}
   (You took it off a deep elf master archer on level 3 of the Elven Halls)

   [ring of magical power]

   Str+3:     It affects your strength (+3).
   rN+:       It protects you from negative energy.
   MP+9:      It affects your magic capacity (+9).
   +Blink:    It lets you blink.
Wands
 c - a wand of flame (125)
 d - a wand of charming (8)
 e - a wand of iceblast (62)
 w - a wand of digging (3)
 G - a wand of mindburst (18)
 K - a wand of paralysis (61)
 R - a wand of polymorph (26)
 S - a wand of light (26)
Scrolls
 f - 10 scrolls of blinking
 i - 7 scrolls of fog
 k - 23 scrolls of teleportation
 l - 4 scrolls of silence
 o - 11 scrolls of vulnerability
 v - 3 scrolls of noise
 x - a scroll of enchant weapon
 z - 11 scrolls of fear
 T - a scroll of revelation
 X - 6 scrolls of summoning
Potions
 h - 4 potions of haste
 n - 3 potions of berserk rage
 p - 14 potions of curing
 q - 9 potions of brilliance
 r - 10 potions of heal wounds
 E - a potion of resistance
 F - 8 potions of ambrosia
 H - 7 potions of enlightenment
 I - 4 potions of magic
 J - 3 potions of invisibility
 N - 4 potions of might
 V - 5 potions of cancellation
 Y - 3 potions of mutation
Miscellaneous
 t - a phantom mirror
 y - a lightning rod (4/4)
 B - a condenser vane
 D - a phial of floods
 Z - a box of beasts


   Skills:
 + Level 22.3 Fighting
 - Level 16.0 Maces & Flails
 + Level 20.1 Armour
 + Level 14.1 Dodging
 - Level 0.8 Stealth
 - Level 20.0 Shields
 - Level 6.0 Spellcasting
 O Level 27 Invocations
 - Level 10.0 Evocations


You had 38 spell levels left.
You didn't know any spells.
Your spell library contained the following spells:

 Spells                   Type           Power      Damage    Failure   Level
 Apportation              Tloc           6%         N/A       99%         1
 Foxfire                  Conj/Fire      12%        2x1d4     99%         1
 Kiss of Death            Conj/Necr      12%        2d6       99%         1
 Magic Dart               Conj           12%        1d3       99%         1
 Necrotise                Necr           12%        1d4       99%         1
 Sting                    Conj/Alch      12%        1d3       99%         1
 Summon Small Mammal      Summ           12%        N/A       99%         1
 Call Imp                 Summ           6%         N/A       100%        2
 Jinxbite                 Hex            6%         N/A       100%        2
 Lesser Beckoning         Tloc           6%         N/A       100%        2
 Mercury Vapours          Alch/Air       6%         N/A       100%        2
 Searing Ray              Conj           6%         2d4       100%        2
 Static Discharge         Conj/Air       6%         3-4/arc   100%        2
 Sublimation of Blood     Necr           3%         N/A       100%        2
 Call Canine Familiar     Summ           3%         N/A       100%        3
 Confusing Touch          Hex            3%         N/A       100%        3
 Frozen Ramparts          Ice            6%         1d1       100%        3
 Fugue of the Fallen      Necr           3%         N/A       100%        3
 Gell's Gravitas          Tloc           3%         N/A       100%        3
 Hailstorm                Conj/Ice       3%         3d5       100%        3
 Mephitic Cloud           Conj/Alch/Air  3%         N/A       100%        3
 Ozocubu's Armour         Ice            3%         N/A       100%        3
 Sigil of Binding         Hex            3%         N/A       100%        3
 Summon Ice Beast         Ice/Summ       3%         N/A       100%        3
 Teleport Other           Tloc           3%         N/A       100%        3
 Tukima's Dance           Hex            3%         N/A       100%        3
 Vampiric Draining        Necr           3%         2d6       100%        3
 Airstrike                Air            1%         2d(1-17)  100%        4
 Brom's Barrelling Bould  Conj/Erth      3%         2d3       100%        4
 Cause Fear               Hex            1%         N/A       100%        4
 Dimensional Bullseye     Hex/Tloc       1%         N/A       100%        4
 Dispel Undead            Necr           3%         3d7       100%        4
 Fulminant Prism          Conj/Alch      1%         3d5       100%        4
 Ignite Poison            Fire/Alch      3%         N/A       100%        4
 Leda's Liquefaction      Alch/Erth      1%         N/A       100%        4
 Manifold Assault         Tloc           3%         N/A       100%        4
 Martyr's Knell           Necr/Summ      3%         N/A       100%        4
 Petrify                  Alch/Erth      3%         N/A       100%        4
 Sticky Flame             Fire/Alch      3%         2d4       100%        4
 Summon Lightning Spire   Summ/Air       3%         N/A       100%        4
 Vhi's Electric Charge    Tloc/Air       6%         N/A       100%        4
 Arcjolt                  Conj/Air       1%         1d11      100%        5
 Curse of Agony           Necr           3%         N/A       100%        5
 Fireball                 Conj/Fire      1%         3d3       100%        5
 Freezing Cloud           Conj/Ice/Air   1%         6-21      100%        5
 Irradiate                Conj/Alch      1%         3d12      100%        5
 Iskenderun's Battlesphe  Conj           3%         2d6       100%        5
 Lee's Rapid Deconstruct  Erth           1%         3d4*      100%        5
 Metabolic Englaciation   Hex/Ice        1%         N/A       100%        5
 Summon Forest            Summ/Tloc      1%         N/A       100%        5
 Summon Mana Viper        Hex/Summ       3%         N/A       100%        5
 Bombard                  Conj/Erth      1%         9d1       100%        6
 Conjure Ball Lightning   Conj/Air       1%         3x3d6     100%        6
 Dispersal                Tloc           1%         N/A       100%        6
 Eringya's Noxious Bog    Alch           1%         4d6       100%        6
 Plasma Beam              Fire/Air       1%         2x1d11    100%        6
 Sculpt Simulacrum        Ice/Alch       1%         N/A       100%        6
 Starburst                Conj/Fire      1%         6d3       100%        6
 Summon Cactus Giant      Summ           1%         N/A       100%        6
 Haunt                    Necr/Summ      1%         N/A       100%        7
 Malign Gateway           Summ/Tloc      1%         N/A       100%        7
 Monstrous Menagerie      Summ           1%         N/A       100%        7
 Orb of Destruction       Conj           1%         9d5       100%        7
 Spellforged Servitor     Conj/Summ      1%         N/A       100%        7
 Summon Hydra             Summ           1%         N/A       100%        7
 Borgnjor's Revivificati  Necr           1%         N/A       100%        8
 Disjunction              Tloc           1%         N/A       100%        8
 Ignition                 Fire           1%         3d3       100%        8
 Maxwell's Capacitive Co  Air            1%         ∞         100%        8
 Summon Horrible Things   Summ           1%         N/A       100%        8
 Chain Lightning          Conj/Air       1%         3d2       100%        9
 Death's Door             Necr           1%         N/A       100%        9
 Dragon's Call            Summ           1%         N/A       100%        9
 Fire Storm               Conj/Fire      1%         8d1       100%        9
 Shatter                  Erth           1%         3d6*      100%        9


Dungeon Overview and Level Annotations

Branches:
Dungeon (15/15)            Temple (1/1) D:4            Lair (5/5) D:11
  Swamp (4/4) Lair:2        Snake (4/4) Lair:2        Slime (0/5) Lair:5
    Orc (2/2) D:12            Elf (3/3) Orc:2        Vaults (5/5) D:13
  Crypt (2/3) Vaults:3     Depths (4/4) D:15            Zot (5/5) Depths:4
  Sewer (visited)          Bailey (visited)           IceCv (visited)

Altars:
Ashenzari
Cheibriados
Dithmenos
Fedhas
Gozag
Hepliaklqana
Kikubaaqudgha
Makhleb
Nemelex Xobeh
Okawaru
Qazlal
Ru
Sif Muna
Trog
Uskayaw
Vehumet
Wu Jian
Xom
Yredelemnul
Jiyva

Shops:
D:7 :   D:8 (   D:9 *   D:10 :   D:14 !   D:15 ??[:   Orc:2 (?*(   Elf:1 **[
Elf:3 (*[   Snake:1 ?([?   Snake:2 :   Depths:3 **   Depths:4 (

Portals:
Hell: Depths:1 Depths:2 Depths:3 Depths:4
Abyss: Depths:1 Depths:2 Depths:3
Pandemonium: Depths:2
Ziggurat: Depths:2

Annotations:
D:1 exclusion: downstairs
D:2 Terence
D:9 !Erolcha!, Erolcha
Lair:1 exclusion: oklob plant
Lair:3 exclusion: oklob plant
Snake:2 exclusion: downstairs
Crypt:1 !Mennas!, Mennas
Depths:3 3 runed translucent doors, exclusion: obsidian statue, Ubraesch's ghost, adept TrMo


Innate Abilities, Weirdness & Mutations

You are completely covered in icy blue scales. (AC +4, rC+)
You can hurl damnation.
You are completely covered in sharp spines.
You are resistant to unholy torment.
When hurt, damage is shared between your health and your magic reserves.
You regenerate magic rapidly.
When low on magic, you restore magic in place of health.
You punish those that try to bend your will. (Will+)
Your touch may irresistibly damage your foes and sap their willpower.
You have a pair of small horns on your head.
You are very clumsy. (Dex -4)
A frigid envelope surrounds you and freezes all who hurt you.
You are weak. (Str -2)
You have hidden genetic potential.
Potions are less effective at restoring your health.
You are vulnerable to cold. (rC-)
You are vulnerable to heat. (rF-)
Your health recovers twice as slowly from being drained.


Message History

You hammer the toenail golem like a gong!!!
You destroy the toenail golem!
Makhleb accepts your kill.
You swing at nothing.
You swing at nothing.
What level of the Dungeon? (default 1, ? - help)
There is a stone staircase leading up here.
You climb upwards.
There is a stone staircase leading down here.
There is a stone staircase leading up here.
You climb upwards.
There is a stone staircase leading down here.
There is an open door here.
There is a stone staircase leading up here.
You climb upwards.
There is a stone staircase leading down here.
There is a stone staircase leading up here.
You climb upwards.
There is a stone staircase leading down, spattered with blood here.
There is a stone staircase leading up here.
You climb upwards.
There is a stone staircase leading down here.
There is a stone staircase leading up here.
You climb upwards.
There is a stone staircase leading down here.
You see here a +0 club.
There is a stone staircase leading up here.
You climb upwards.
Level annotation: Terence
There is a stone staircase leading down here.
There is an open door here.
You see here a +0 ring mail.
You see here a +0 flail.
There is a stone staircase leading up here.
You climb upwards.
Level annotation: exclusion: downstairs
There is a stone staircase leading down here.
There is an open door here.
There is a staircase leading out of the dungeon here.
You have escaped!

############.###
####............# #
#########
#...........##.##
#.......#
#..##...>.####.#
#.......#
##.##....#####.####
#.......#
#.##..............
##.....###
#.##....#####.....
#..>..#>######....#
#..###
#.....#....@#.....#
#.##.#
#.....#.#####.....#
#..#.# #.....#'#
#..#..######.....
#.......#
##..#............
#......##
##..######.##>..
#..#.###
##..##....##†#.
##.#..#
##..#.#####.##
#..#.## ####.#.#
##... ##....#
#......####...#


There were no monsters in sight!

Vanquished Creatures
  3 dread liches
  Tiamat (Zot:2)
  4 ancient liches
  5 orbs of fire
  3 juggernauts
  Sojobo (Vaults:5)
  Vv (Zot:1)
  Margery (Vaults:5)
  Saint Roka (Elf:3)
  10 Killer Klowns
  17 golden dragons
  A curse toe (Zot:3)
  A bone dragon (Vaults:3)
  2 hellephants
  3 electric golems
  Zenata (Elf:3)
  18 tentacled monstrosities
  A walking crystal tome (Depths:2)
  4 liches
  2 deep elf master archers (Elf:3)
  3 quicksilver dragons
  26 Orb Guardians
  A deep elf blademaster (Elf:3)
  8 titans
  9 sphinxes
  7 death cobs
  2 Executioners
  8 tengu reavers
  A fenstrider witch (Swamp:1)
  13 storm dragons
  7 shadow dragons
  2 protean progenitors (Zot:3)
  4 draconian knights (Zot:1)
  2 nagarajas
  A revenant (Crypt:1)
  9 fire giants
  6 deep elf sorcerers
  The ghost of Bunnuime the Ruinous, an adept DECj of Sif Muna (Snake:2)
  The ghost of Mesuenwa the Eclecticist, an adept DEHW of Sif Muna (Snake:2)
  3 ghost moths
  6 draconian scorchers
  15 vault wardens
  A reaper (Zot:3)
  12 frost giants
  3 orc warlords
  5 iron dragons
  Louise (Elf:3)
  A curse skull (Crypt:1)
  5 deep elf elementalists
  3 draconian stormcallers
  18 ironbound preservers
  6 draconian annihilators
  12 stone giants
  2 cacodemons (Zot:1)
  A formless jellyfish (Vaults:3)
  32 very ugly things
  A demonspawn corrupter (Zot:1)
  6 ironbound thunderhulks
  2 vampire knights
  4 deep elf death magi
  4 eleionomae
  8 deep elf demonologists
  6 black draconians
  4 war gargoyles
  13 green draconians
  10 yellow draconians
  6 purple draconians
  8 white draconians
  5 bunyips
  14 dire elephants
  8 deep elf annihilators
  11 red draconians
  3 crystal guardians
  The ghost of Panli the Skirmisher, a journeyman CeHs of Okawaru (Lair:5)
  A jiangshi (Crypt:1)
  2 green deaths
  9 fire dragons
  A shambling mangrove (Swamp:4)
  A spriggan zombie (Crypt:1)
  14 ettins
  7 great orbs of eyes
  6 deep elf high priests
  5 peacekeepers
  11 yaktaur captains
  8 ice dragons
  2 salamander tyrants
  17 hydras
  A spriggan skeleton (Crypt:1)
  34 vault guards
  5 rakshasas
  2 hell beasts
  8 alligators
  8 boulder beetles
  2 spriggan air magi
  2 anacondas
  3 ogre magi
  12 ironbound frosthearts
  31 dancing weapons
  13 naga warriors
  6 two-headed ogres
  2 death knights (Crypt:1)
  8 deep troll earth magi
  5 tengu warriors
  3 death yaks (Lair:2)
  12 centaur warriors
  3 hell hogs (Depths:4)
  3 vampire magi
  A shock serpent (shapeshifter) (Vaults:5)
  5 orc high priests
  11 deep troll shamans
  13 naga sharpshooters
  5 spriggan berserkers
  A soul eater (Crypt:1)
  4 hell knights
  14 deep elf knights
  A titan skeleton (Depths:1)
  10 shock serpents
  A sixfirhy (Zot:1)
  2 shadow wraiths (Vaults:5)
  4 skeletal warriors
  6 skysharks
  A sun demon (D:10)
  21 iron trolls
  2 salamander mystics
  8 spriggan druids
  9 goliath frogs
  5 glowing orange brains
  2 flayed ghosts
  63 deep trolls
  A death drake (shapeshifter) (Vaults:5)
  A bog body (Swamp:1)
  3 arcanists
  7 mana vipers
  12 swamp dragons (Swamp:4)
  A sea snake (shapeshifter) (Vaults:5)
  4 naga ritualists
  11 deep elf archers
  30 deep elf pyromancers
  2 orange crystal statues (IceCv)
  2 tengu zombies
  3 phantasmal warriors
  A harpy (Vaults:1)
  17 ironbound convokers
  13 orc knights
  4 lindwurms
  A harpy (shapeshifter) (D:15)
  9 orc sorcerers
  16 deep elf zephyrmancers
  3 large abominations (Depths:1)
  5 necromancers
  4 cyclopes
  An oklob plant (Orc:1)
  3 will-o-the-wisps
  22 moths of wrath
  3 manticores
  37 ugly things
  10 elephants
  4 meliai
  A toenail golem (D:9)
  A kobold blastminer (Orc:1)
  A meliai (shapeshifter) (Vaults:3)
  17 salamanders
  7 guardian serpents
  13 naga magi
  31 black mambas
  17 vault sentinels
  4 smoke demons
  4 unseen horrors
  2 hellions
  3 centaur skeletons (D:13)
  23 cane toads
  An efreet (D:15)
  A kobold demonologist (D:12)
  10 komodo dragons
  8 freezing wraiths
  A green draconian zombie (Crypt:1)
  A minotaur zombie (Crypt:1)
  4 rime drakes
  A yaktaur skeleton (Vaults:5)
  2 anaconda simulacra
  Psyche (D:10)
  18 yaktaurs
  2 tengu conjurers (Depths:3)
  3 golden dragon simulacra
  2 sea snake skeletons (Snake:3)
  A red devil (Depths:4)
  A troll (shapeshifter) (Vaults:5)
  A tengu simulacrum (Depths:1)
  3 hellwings
  6 trolls
  3 polar bears
  15 hornets
  Grinder (D:4)
  3 glass eyes
  A wind drake (shapeshifter) (Elf:2)
  3 spectral guardian serpents (Snake:3)
  11 tyrant leeches
  2 dream sheep (shapeshifter)
  32 blink frogs
  Sigmund (D:4)
  54 slime creatures
  A centaur simulacrum (D:15)
  14 spriggans
  A black mamba zombie (Crypt:1)
  2 spriggans (shapeshifter)
  4 air elementals
  A dire elephant simulacrum (IceCv)
  2 shadows
  A guardian serpent skeleton (Snake:3)
  4 wyverns
  8 water elementals
  23 yaks
  6 wraiths
  3 wargs
  3 basilisks
  2 sea snake simulacra (Snake:3)
  2 steam dragons
  5 chaos spawn (Depths:1)
  17 vampire mosquitoes
  40 nagas
  Edmund (D:5)
  A hydra simulacrum (IceCv)
  20 swamp worms
  7 water moccasins
  2 acid dragons (D:10)
  3 hell hounds (D:14)
  7 swamp drakes
  4 ice beasts
  2 sky beasts
  A guardian serpent simulacrum (Snake:3)
  5 black bears
  22 laughing skulls
  39 orc warriors
  A crocodile (shapeshifter) (D:15)
  4 small abominations (Depths:1)
  5 ogres
  10 wolves
  10 centaurs
  2 phantoms
  10 kobold brigands
  20 bullfrogs
  2 gnoll sergeants
  3 scorpions
  2 earth elementals
  A lindwurm simulacrum (IceCv)
  8 howler monkeys
  A spectral naga (Snake:3)
  2 bombardier beetles
  3 electric eels
  A lava snake (D:12)
  A quasit (D:5)
  A hound (D:4)
  5 jellies
  16 orc priests
  A gnoll bouda (D:9)
  A sleepcap (D:7)
  Jessica (D:2)
  21 orc wizards
  2 iguanas
  7 hell rats
  A boggart skeleton (D:13)
  3 naga skeletons (Snake:3)
  A hound zombie (Crypt:1)
  Robin (D:4)
  18 gnolls
  10 adders
  4 naga simulacra (Snake:3)
  2 river rats (Sewer)
  A shadow imp (D:6)
  A swamp drake skeleton (Crypt:1)
  4 white imps (D:5)
  4 ufetubi
  2 dart slugs
  9 ribbon worms
  80 orcs
  13 ball pythons
  5 bats
  12 endoplasms
  3 giant cockroaches
  21 goblins
  24 hobgoblins
  10 jackals
  A quokka (D:3)
  A river rat zombie (Crypt:1)
  3 frilled lizards
  29 kobolds
  7 rats
2078 creatures vanquished.

Vanquished Creatures (collateral kills)
  Parghit (Depths:4)
  the Lernaean hydra (Swamp:4)
  A tentacled monstrosity (Vaults:5)
  A lich (Vaults:1)
  A titan (Vaults:5)
  A sphinx (Vaults:3)
  A storm dragon (Vaults:5)
  A nagaraja (Snake:4)
  A frost giant (Vaults:5)
  3 vault wardens
  A fire giant (Vaults:5)
  5 ironbound preservers
  2 stone giants
  A very ugly thing (IceCv)
  Azrael (D:14)
  2 war gargoyles (Vaults:5)
  A yaktaur captain (Vaults:5)
  8 vault guards
  A hydra (Swamp:4)
  3 salamander tyrants (Snake:4)
  A caustic shrike simulacrum (IceCv)
  5 anacondas (Snake:4)
  An ironbound frostheart (Vaults:3)
  2 naga warriors
  A boulder beetle (D:9)
  2 tengu warriors (D:14)
  A deep troll earth mage (Vaults:1)
  A shock serpent (Snake:4)
  A deep elf knight (Elf:2)
  A shadow wraith (Vaults:5)
  3 salamander mystics (Snake:4)
  An arcanist (Vaults:1)
  9 deep trolls
  6 mana vipers (Snake:4)
  A phantasmal warrior (Vaults:5)
  5 ironbound convokers
  2 lindwurms (Vaults:2)
  A deep elf pyromancer (D:13)
  A wolf spider (D:14)
  A necromancer (Vaults:1)
  3 black mambas
  2 guardian serpents (Snake:4)
  4 vault sentinels
  3 naga magi (Snake:4)
  5 yaktaurs (Vaults:1)
  2 freezing wraiths (IceCv)
  2 golden dragon simulacra (IceCv)
  2 tyrant leeches (Swamp:2)
  2 slime creatures (D:14)
  A dire elephant simulacrum (IceCv)
  3 harpy simulacra (IceCv)
  4 nagas (Snake:4)
  A hydra simulacrum (IceCv)
  A hell hound (D:14)
  A swamp drake (Swamp:4)
  An ettin simulacrum (IceCv)
  An ogre (D:5)
  A lindwurm simulacrum (IceCv)
  An orc (Vaults:5)
  A kobold (D:9)
124 creatures vanquished.

Vanquished Creatures (others)
  A death cob (Zot:4)
  A draconian knight (Depths:4)
  2 fire giants
  A ghost moth (Zot:5)
  A green draconian (Zot:4)
  A red draconian (Zot:4)
  A salamander mystic (Snake:4)
  A deep elf pyromancer (Elf:1)
  A moth of wrath (Zot:4)
  2 large abominations (D:11)
  A slime creature (D:14)
  10 foxfires
23 creatures vanquished.

Grand Total: 2225 creatures vanquished

Notes
Turn   | Place    | Note
-------+----------+-------------------------------------------
     0 | D:1      | naoky the Demonspawn Artificer began the quest for the Orb.
     0 | D:1      | Reached XP level 1. HP: 15/15 MP: 1/1
   262 | D:1      | Gained mutation: Your touch may inflict minor irresistible
                  | damage on your foes. [demonic ancestry]
   262 | D:1      | Reached XP level 2. HP: 19/22 MP: 2/2
   939 | D:2      | Reached XP level 3. HP: 29/29 MP: 3/3
  1301 | D:2      | Gained mutation: You are partially covered in sharp spines.
                  | [demonic ancestry]
  1301 | D:2      | Reached XP level 4. HP: 21/37 MP: 4/4
  2010 | D:2      | Noticed Jessica
  2019 | D:2      | Killed Jessica
  2020 | D:2      | Reached skill level 5 in Fighting
  2020 | D:2      | Reached XP level 5. HP: 36/44 MP: 5/5
  2082 | D:2      | Noticed Terence
  2734 | D:3      | Found a glowing drain.
  2761 | Sewer    | Entered a sewer
  3027 | Sewer    | Gained mutation: You are partially covered in icy blue
                  | scales. (AC +2) [demonic ancestry]
  3027 | Sewer    | Reached XP level 6. HP: 24/52 MP: 6/6
  3629 | Sewer    | Gained mutation: Your touch may inflict irresistible damage
                  | on your foes. [demonic ancestry]
  3629 | Sewer    | Reached XP level 7. HP: 60/60 MP: 7/7
  4586 | D:4      | Reached skill level 1 in Maces & Flails
  4825 | D:4      | Found a staircase to the Ecumenical Temple.
  4903 | D:4      | Noticed Robin
  4932 | Temple   | Entered the Ecumenical Temple
  4942 | Temple   | Became a worshipper of Makhleb the Destroyer
  5018 | D:4      | Identified the ring "Pibuclim" {Dex+3 SInv}
  5207 | D:4      | Noticed Sigmund
  5305 | D:4      | Killed Robin
  5687 | D:4      | Noticed Grinder
  5702 | D:4      | Reached * piety under Makhleb
  5757 | D:5      | Entered Level 5 of the Dungeon
  5763 | D:5      | Reached XP level 8. HP: 58/68 MP: 8/8
  6142 | D:5      | Reached skill level 5 in Maces & Flails
  6246 | D:5      | Noticed Edmund
  6462 | D:5      | Killed Edmund
  6978 | D:6      | Found a shimmering blue altar of Sif Muna.
  7074 | D:6      | Identified the +2 robe of the Constellations {rPois rN+
                  | Dex-5}
  7554 | D:6      | Gained mutation: You regenerate magic rapidly. [demonic
                  | ancestry]
  7554 | D:6      | Reached XP level 9. HP: 71/73 MP: 9/9
  8209 | D:7      | Reached ** piety under Makhleb
  8232 | D:7      | Reached skill level 5 in Armour
  8837 | D:7      | Found Xatakhub's Book Shop.
  9047 | D:7      | Reached skill level 1 in Invocations
  9227 | D:8      | Reached skill level 2 in Invocations
  9252 | D:8      | Reached skill level 3 in Invocations
  9308 | D:8      | Found Utieja Cuusk's Firing Range.
  9341 | D:8      | Reached skill level 4 in Invocations
  9809 | D:9      | Identified the +5 scale mail "Zagilim" {*Slow rElec rC+
                  | SInv}
  9845 | D:9      | Reached skill level 5 in Invocations
  9898 | D:9      | Noticed a boulder beetle
  9962 | D:9      | Noticed a two-headed ogre
 10079 | D:9      | Gained mutation: You are mostly covered in sharp spines.
                  | [demonic ancestry]
 10079 | D:9      | Reached XP level 10. HP: 79/80 MP: 13/13
 10118 | D:9      | Found a flagged portal.
 10122 | D:9      | Reached *** piety under Makhleb
 10137 | Bailey   | Entered a bailey
 10434 | Bailey   | Noticed an orc knight
 10456 | Bailey   | Killed an orc knight
 10604 | Bailey   | Noticed an orc knight
 10636 | Bailey   | Reached **** piety under Makhleb
 10643 | Bailey   | Killed an orc knight
 10851 | Bailey   | Noticed an orc warlord
 10871 | Bailey   | Killed an orc warlord
 10872 | Bailey   | Reached skill level 10 in Maces & Flails
 11377 | D:9      | Found Noojiodgh's Needful Niceties.
 11384 | D:9      | Bought a scroll of noise for 11 gold pieces
 11413 | D:9      | Killed a boulder beetle
 11414 | D:9      | Reached skill level 6 in Invocations
 11622 | D:9      | Noticed Erolcha
 11682 | D:9      | Killed a two-headed ogre
 11683 | D:9      | Reached skill level 7 in Invocations
 11683 | D:9      | Gained mutation: Your touch may irresistibly damage your
                  | foes and sap their willpower. [demonic ancestry]
 11683 | D:9      | Reached XP level 11. HP: 86/89 MP: 16/16
 12118 | D:10     | Entered Level 10 of the Dungeon
 12422 | D:10     | Found Mumed's Tiny Tomes.
 12440 | D:10     | Reached skill level 8 in Invocations
 12809 | D:10     | Noticed a two-headed ogre
 12813 | D:10     | Killed a two-headed ogre
 13193 | D:10     | Noticed Psyche
 13196 | D:10     | Killed Psyche
 13313 | D:10     | Found a sparkling altar of Nemelex Xobeh.
 13766 | D:11     | Reached skill level 10 in Fighting
 14241 | D:11     | Found a staircase to the Lair.
 14449 | Lair:1   | Entered Level 1 of the Lair of Beasts
 14464 | Lair:1   | Reached XP level 12. HP: 98/98 MP: 18/18
 14627 | Lair:1   | You fall into a shaft and drop 1 floor!
 14633 | Lair:2   | Reached skill level 9 in Invocations
 14717 | Lair:2   | Reached skill level 10 in Invocations
 14923 | Lair:2   | Reached ***** piety under Makhleb
 14943 | Lair:2   | Noticed a death yak
 14959 | Lair:2   | Killed a death yak
 14959 | Lair:2   | Noticed a death yak
 14960 | Lair:2   | Noticed a death yak
 14968 | Lair:2   | Killed a death yak
 14971 | Lair:2   | Killed a death yak
 15554 | Lair:1   | Noticed a boulder beetle
 15562 | Lair:1   | Killed a boulder beetle
 16237 | Lair:2   | Found a staircase to the Snake Pit.
 16315 | Lair:2   | Reached XP level 13. HP: 94/106 MP: 20/20
 16478 | Lair:2   | Found a staircase to the Swamp.
 17272 | Lair:3   | Reached skill level 1 in Shields
 18885 | Lair:4   | Reached skill level 5 in Shields
 20175 | Lair:5   | Entered Level 5 of the Lair of Beasts
 20899 | Lair:5   | Found a runed translucent door.
 20900 | Lair:5   | Noticed Panli's ghost (journeyman CeHs)
 20943 | Lair:5   | Gained mutation: You are completely covered in sharp
                  | spines. [demonic ancestry]
 20943 | Lair:5   | Reached XP level 14. HP: 113/113 MP: 21/21
 21273 | Lair:5   | Reached skill level 10 in Shields
 21521 | Lair:5   | Found a viscous altar of Jiyva.
 21522 | Lair:5   | Found a staircase to the Slime Pits.
 21625 | Lair:5   | Reached skill level 11 in Invocations
 22636 | D:12     | Reached skill level 12 in Invocations
 23351 | D:12     | Reached skill level 13 in Invocations
 23373 | D:12     | Found a sparkling altar of Nemelex Xobeh.
 23488 | D:12     | Found a staircase to the Orcish Mines.
 23956 | Orc:1    | Entered Level 1 of the Orcish Mines
 24788 | Orc:2    | Entered Level 2 of the Orcish Mines
 24941 | Orc:1    | Reached ****** piety under Makhleb
 25206 | Orc:1    | Reached skill level 14 in Invocations
 26129 | Orc:2    | Found a staircase to the Elven Halls.
 27150 | Orc:2    | Reached skill level 15 in Invocations
 27906 | Orc:2    | Found Zoagoama's Antique Weapon Boutique.
 27906 | Orc:2    | Found Gigecoss's Weapon Shoppe.
 27908 | Orc:2    | Found Ruqapix's General Store.
 27908 | Orc:2    | Found Xohae's Magic Scroll Shoppe.
 27925 | Orc:2    | Bought a smoking morningstar for 243 gold pieces
 27925 | Orc:2    | Identified the +1 morningstar of Ascent {heavy, Int+4} (You
                  | bought it in a shop on level 2 of the Orcish Mines)
 27927 | Orc:2    | Bought a +1 pair of boots for 138 gold pieces
 27930 | Orc:2    | Bought a scroll of vulnerability for 60 gold pieces
 27930 | Orc:2    | Bought a scroll of identify for 30 gold pieces
 27930 | Orc:2    | Bought a scroll of identify for 30 gold pieces
 27930 | Orc:2    | Bought a scroll of identify for 30 gold pieces
 27930 | Orc:2    | Bought a scroll of poison for 60 gold pieces
 27947 | Orc:2    | Bought a ring of protection from cold for 300 gold pieces
 28702 | D:13     | Reached skill level 16 in Invocations
 28975 | D:13     | Gained mutation: You punish those that try to bend your
                  | will. (Will+) [demonic ancestry]
 28975 | D:13     | Reached XP level 15. HP: 119/119 MP: 27/27
 29072 | D:13     | Reached skill level 17 in Invocations
 29391 | D:13     | Found a gate to the Vaults.
 30126 | D:14     | Reached skill level 18 in Invocations
 30346 | D:14     | Noticed Azrael
 30367 | D:14     | Killed Azrael
 30518 | D:14     | Found Lelol's Distillery.
 30561 | D:14     | Bought a potion of curing for 45 gold pieces
 30561 | D:14     | Bought a potion of curing for 45 gold pieces
 31314 | D:15     | Entered Level 15 of the Dungeon
 31346 | D:15     | Found Buguob's Magic Scroll Boutique.
 31348 | D:15     | Found Mumnuusu's Magic Scroll Boutique.
 31351 | D:15     | Found Xeperuta's Book Boutique.
 31355 | D:15     | Found Jenku's Armour Boutique.
 31358 | D:15     | Bought a scroll of blinking for 105 gold pieces
 31465 | D:15     | Reached skill level 19 in Invocations
 31853 | D:15     | Found a staircase to the Depths.
 32237 | D:15     | Reached skill level 20 in Invocations
 33764 | D:15     | Found the +3 pair of seven-league boots {Rampage+∞}
 34273 | Lair:5   | Killed Panli's ghost
 34668 | D:4      | Killed Sigmund
 34681 | D:4      | Killed Grinder
 35027 | D:15     | Bought a scroll of acquirement for 728 gold pieces
 35149 | Lair:1   | Acquired the +1 pair of boots of the Trombone {rPois rN+}
 35169 | Lair:1   | Acquired a +7 eveningstar of draining
 35177 | Lair:1   | Acquired the amulet of the Exiled Yaks {Reflect Regen+ MP+9
                  | SH+5}
 35234 | Swamp:1  | Entered Level 1 of the Swamp
 35358 | Swamp:1  | Found a glacial archway.
 35373 | IceCv    | Entered an ice cave
 35424 | IceCv    | Reached skill level 5 in Evocations
 35425 | IceCv    | Reached XP level 16. HP: 92/127 MP: 30/30
 36412 | Swamp:2  | Identified the +6 quarterstaff of Charity {freeze, rPois}
 36504 | Swamp:1  | Reached skill level 15 in Maces & Flails
 37313 | Swamp:3  | Identified the +7 dagger "Demon's Death Toll" {holy,
                  | ^Fragile Int+6}
 37860 | Swamp:3  | Acquired 1253 gold pieces
 37989 | Swamp:3  | Reached skill level 10 in Armour
 38127 | Swamp:4  | Entered Level 4 of the Swamp
 38132 | Swamp:4  | Identified the +11 great sword of Courage {flame, ^Drain
                  | rPois rC+ Int+3}
 38343 | Swamp:4  | Identified the +8 flail of Jiuf Feci {venom, rF+ Will+
                  | Str+2}
 39161 | Swamp:4  | Noticed the 27-headed Lernaean hydra
 39172 | Swamp:4  | Killed the 27-headed Lernaean hydra
 39323 | Swamp:4  | Gained mutation: You are resistant to unholy torment.
                  | [demonic ancestry]
 39323 | Swamp:4  | Reached XP level 17. HP: 133/133 MP: 31/31
 39463 | Swamp:4  | Got a decaying rune of Zot
 39706 | Snake:1  | Entered Level 1 of the Snake Pit
 39926 | Snake:1  | Found Nyetrel's Magic Scroll Boutique.
 39929 | Snake:1  | Found Kamooph's Armour Shop.
 39929 | Snake:1  | Found Ynlilios's Antique Weapon Boutique.
 39934 | Snake:1  | Found Ache's Magic Scroll Shop.
 40750 | Snake:1  | Identified the +2 mace of Wariness {freeze, Dex+3 SInv}
 41236 | Snake:2  | Found Ibofy's Book Emporium.
 41608 | Snake:2  | Found a runed translucent gate.
 41608 | Snake:2  | Found a runed translucent gate.
 41609 | Snake:2  | Found a runed translucent gate.
 41660 | Snake:2  | Noticed Bunnuime's ghost (adept DECj)
 41660 | Snake:2  | Noticed Mesuenwa's ghost (adept DEHW)
 43918 | Snake:3  | Found a hazy altar of Hepliaklqana.
 44111 | Snake:3  | Reached skill level 15 in Shields
 44811 | Snake:4  | Entered Level 4 of the Snake Pit
 45602 | Snake:4  | Reached XP level 18. HP: 120/142 MP: 32/32
 46144 | Snake:4  | Gained mutation: You have hidden genetic defects. [a
                  | cacodemon]
 46146 | Snake:4  | Gained mutation: Your body sometimes deteriorates upon
                  | taking damage. [a cacodemon]
 46252 | Snake:4  | Got a serpentine rune of Zot
 46266 | Snake:4  | Lost mutation: Your body sometimes deteriorates upon taking
                  | damage. [potion of mutation]
 46266 | Snake:4  | Lost mutation: You have hidden genetic defects. [potion of
                  | mutation]
 46266 | Snake:4  | Gained mutation: Armour fits poorly on your strangely
                  | shaped body. [potion of mutation]
 46266 | Snake:4  | Gained mutation: You are somewhat resistant to further
                  | mutation. [potion of mutation]
 46637 | Elf:1    | Entered Level 1 of the Elven Halls
 46815 | Elf:1    | Paralysed by an air elemental for 1 turns
 46822 | Elf:1    | Paralysed by an air elemental for 1 turns
 46931 | Elf:1    | Found Wiacve's General Store.
 46931 | Elf:1    | Found Bezesis's Assorted Antiques.
 46943 | Elf:1    | Found Jitici's Antique Armour Shoppe.
 46952 | Elf:1    | Bought a warped helmet for 304 gold pieces
 46952 | Elf:1    | Identified the +2 helmet "Nurhitz" {rElec Str+2 Dex+3} (You
                  | bought it in a shop on level 1 of the Elven Halls)
 46960 | Elf:1    | Noticed a Hell Sentinel
 46998 | Elf:1    | Got Sif Muna's Cyclopedia of the Entourage
 47252 | Elf:1    | Paralysed by an air elemental for 1 turns
 47723 | Elf:1    | Lost mutation: You are somewhat resistant to further
                  | mutation. [potion of mutation]
 47723 | Elf:1    | Lost mutation: Armour fits poorly on your strangely shaped
                  | body. [potion of mutation]
 47723 | Elf:1    | Gained mutation: You have large cloven feet. [potion of
                  | mutation]
 47723 | Elf:1    | Gained mutation: You are robust. (+10% HP) [potion of
                  | mutation]
 47759 | Elf:1    | Bought a heavily runed plate armour for 896 gold pieces
 47759 | Elf:1    | Identified the +7 plate armour of Lies {rElec} (You bought
                  | it in a shop on level 1 of the Elven Halls)
 48300 | Elf:2    | Found a runed translucent gate.
 48300 | Elf:2    | Found a runed translucent gate.
 48301 | Elf:2    | Found a runed translucent gate.
 48340 | Elf:2    | Identified the +5 chain mail of Shadows and Fog {Str+3
                  | Slay+3}
 48510 | Elf:2    | Paralysed by an air elemental for 1 turns
 48516 | Elf:2    | Paralysed by an air elemental for 1 turns
 48719 | D:14     | Bought a potion of mutation for 120 gold pieces
 50281 | Elf:2    | Gained mutation: You are mostly covered in icy blue scales.
                  | (AC +3) [demonic ancestry]
 50281 | Elf:2    | Reached XP level 19. HP: 168/168 MP: 33/33
 50542 | Elf:1    | Bought a scroll of acquirement for 676 gold pieces
 50542 | Elf:1    | Acquired 468 gold pieces
 50764 | D:15     | Bought a scroll of acquirement for 728 gold pieces
 50764 | D:15     | Acquired the +5 demon whip "Spellbinder" {antimagic,
                  | disrupt, Will+}
 50764 | D:15     | Found the +5 demon whip "Spellbinder" {antimagic, disrupt,
                  | Will+}
 50864 | Vaults:1 | Entered Level 1 of the Vaults
 51381 | Vaults:1 | Reached skill level 15 in Fighting
 51660 | Vaults:1 | Identified the +5 war axe of Youthful Indiscretion {flame,
                  | rC+}
 52917 | Vaults:2 | Identified the +1 great sword of Fucyihy {freeze, rElec
                  | rPois rN+ Dex+5}
 54025 | Vaults:2 | Gained mutation: When hurt, damage is shared between your
                  | health and your magic reserves. [demonic ancestry]
 54025 | Vaults:2 | Reached XP level 20. HP: 155/181 MP: 34/34
 54237 | Vaults:2 | Reached skill level 1 in Spellcasting
 55018 | Vaults:3 | Paralysed by a formless jellyfish for 1 turns
 55413 | Vaults:3 | Reached skill level 5 in Spellcasting
 55536 | Vaults:3 | Found the +5 glaive of the Guard {elec, spectral}
 56172 | Vaults:3 | Noticed a bone dragon
 56208 | Vaults:3 | Killed a bone dragon
 56228 | Vaults:3 | Found a staircase to the Crypt.
 57303 | Vaults:4 | Reached skill level 15 in Armour
 58098 | Vaults:4 | Reached XP level 21. HP: 189/191 MP: 35/35
 58607 | Elf:3    | Entered Level 3 of the Elven Halls
 58608 | Elf:3    | Found Puawnifo's Weapon Emporium.
 58702 | Elf:2    | Reached skill level 1 in Dodging
 58766 | Elf:3    | Found a radiant altar of Vehumet.
 58839 | Elf:3    | Noticed Saint Roka
 58875 | Elf:3    | Noticed Zenata
 58886 | Elf:3    | Killed Saint Roka
 58973 | Elf:3    | Identified the +7 tower shield of the Jolly Loafs {Stlth+}
 58973 | Elf:3    | Noticed Louise
 58995 | Elf:3    | Killed Louise
 59023 | Elf:3    | Found Humimmee's Armour Emporium.
 59653 | Elf:3    | Killed Zenata
 59788 | Elf:3    | Found Duisobb's Assorted Antiques.
 60053 | Elf:3    | Identified the +8 chain mail of the Doldrums {rF+ Dex+2}
 60374 | Elf:3    | Paralysed by an air elemental for 1 turns
 60378 | Elf:3    | Paralysed by an air elemental for 1 turns
 61046 | Elf:3    | Identified the +1 scimitar "Fatrair" {drain, ^Contam rF-
                  | rC++ rN++}
 61163 | Elf:3    | Identified the ring of Riluub Ted {+Blink rN+ MP+9 Str+3}
 61735 | Elf:3    | Got the Elucidation of the Fairies
 61848 | Elf:1    | Bought a crystal plate armour for 1200 gold pieces
 62083 | D:15     | Bought a scroll of enchant armour for 105 gold pieces
 62300 | Snake:2  | Killed Bunnuime's ghost
 62312 | Snake:2  | Killed Mesuenwa's ghost
 62337 | Snake:2  | Identified the staff "Leogoac" {rElec Stlth+ Air}
 62811 | Crypt:1  | Entered Level 1 of the Crypt
 63484 | Crypt:1  | Identified the +3 robe "Maujaxaask" {rPois rF+++ Str-4
                  | Int-4}
 63557 | Crypt:1  | Noticed Mennas
 63911 | Depths:1 | Entered Level 1 of the Depths
 64151 | Depths:1 | You fall into a shaft and drop 1 floor!
 64398 | Depths:1 | Reached skill level 10 in Evocations
 64720 | Depths:1 | Identified the +3 scale mail of Distant Shores {rC+}
 64881 | Depths:1 | Found a gateway to Hell.
 64896 | Depths:1 | Identified the +0 robe of a volcano {rC+++ Int+3 Dex+2
                  | Stlth-}
 65091 | Depths:1 | Found a one-way gate to the infinite horrors of the Abyss.
 65093 | Depths:1 | Gained mutation: When low on magic, you restore magic in
                  | place of health. [demonic ancestry]
 65093 | Depths:1 | Reached XP level 22. HP: 201/201 MP: 36/36
 65114 | Depths:1 | Reached skill level 21 in Invocations
 65295 | Depths:1 | Found an ornate altar of the Wu Jian Council.
 65653 | Depths:2 | Found a one-way gateway to a ziggurat.
 65893 | Depths:2 | Found a one-way gate leading to the halls of Pandemonium.
 65999 | Depths:2 | Reached skill level 22 in Invocations
 66123 | Depths:2 | Noticed a golden dragon
 66171 | Depths:2 | Noticed a juggernaut
 66188 | Depths:2 | Killed a juggernaut
 66197 | Depths:2 | Killed a golden dragon
 66390 | Depths:2 | Identified the +3 whip "Jiwewub" {venom, Fly rC+}
 66427 | Depths:2 | Reached skill level 23 in Invocations
 66504 | Depths:2 | Identified the +9 flail "Ipularai" {heavy, rPois rN++
                  | Dex+3}
 66900 | Depths:2 | Acquired the +1 helmet of the Guilds {rElec rF+ Int+6}
 66916 | Depths:2 | Identified the +1 scale mail of the Stonemason {-Tele rPois
                  | Will++}
 66992 | Depths:2 | Acquired 456 gold pieces
 67479 | Depths:4 | Entered Level 4 of the Depths
 67746 | Depths:3 | Noticed a golden dragon
 67761 | Depths:3 | Killed a golden dragon
 67762 | Depths:3 | Reached skill level 24 in Invocations
 67773 | Depths:3 | Noticed a juggernaut
 67779 | Depths:3 | Noticed a golden dragon
 67797 | Depths:3 | Killed a juggernaut
 67808 | Depths:3 | Killed a golden dragon
 67817 | Depths:3 | Identified the amulet of the Prince of Darkness {Spirit Fly
                  | rC+ Str-2 Stlth+}
 68024 | Depths:3 | Reached skill level 5 in Dodging
 68383 | Depths:3 | Found a runed translucent gate.
 68383 | Depths:3 | Found a runed translucent gate.
 68383 | Depths:3 | Found a runed translucent gate.
 68386 | Depths:3 | Found an opulent altar of Gozag.
 68386 | Depths:3 | Noticed a golden dragon
 68386 | Depths:3 | Noticed a golden dragon
 68388 | Depths:3 | Found Rirch's Assorted Antiques.
 68388 | Depths:3 | Noticed Ubraesch's ghost (adept TrMo)
 68389 | Depths:3 | Found Hocuupodd's Assorted Antiques.
 68468 | Depths:3 | Identified the ring "Poklem" {rElec rC+ rCorr}
 68543 | Depths:3 | Noticed a golden dragon
 68562 | Depths:3 | Killed a golden dragon
 68580 | Depths:3 | Identified the ring of the Nurturing Seeker {rN+ Int-2
                  | Dex+4}
 68584 | Depths:3 | Identified the +2 chain mail "Fudghet" {^Contam rPois
                  | Slay+5 Stlth+}
 68821 | Depths:4 | Gained mutation: You are completely covered in icy blue
                  | scales. (AC +4, rC+) [demonic ancestry]
 68821 | Depths:4 | Reached XP level 23. HP: 160/211 MP: 39/39
 69017 | Depths:4 | Found Noets's Weapon Shop.
 69221 | Depths:4 | Noticed a juggernaut
 69244 | Depths:4 | Killed a juggernaut
 69510 | Depths:4 | Found a gate to the Realm of Zot.
 70368 | Elf:3    | Bought a scroll of blinking for 315 gold pieces
 70433 | Elf:1    | Bought a potion of haste for 150 gold pieces
 70653 | D:15     | Bought a scroll of fog for 56 gold pieces
 70653 | D:15     | Bought a scroll of teleportation for 42 gold pieces
 70653 | D:15     | Bought a scroll of fog for 56 gold pieces
 70657 | D:15     | Bought a scroll of fear for 64 gold pieces
 70657 | D:15     | Bought a scroll of fog for 64 gold pieces
 70657 | D:15     | Bought a scroll of fear for 64 gold pieces
 70657 | D:15     | Bought a scroll of revelation for 120 gold pieces
 70847 | Snake:1  | Bought a scroll of fog for 64 gold pieces
 70847 | Snake:1  | Bought a scroll of teleportation for 48 gold pieces
 70847 | Snake:1  | Bought a scroll of revelation for 120 gold pieces
 70847 | Snake:1  | Bought a scroll of fear for 64 gold pieces
 70853 | Snake:1  | Bought a scroll of fog for 56 gold pieces
 70853 | Snake:1  | Bought a scroll of fog for 56 gold pieces
 70853 | Snake:1  | Bought a scroll of fear for 56 gold pieces
 71080 | Orc:2    | Bought a scroll of teleportation for 45 gold pieces
 71174 | Elf:1    | Bought a wand of digging (3) for 189 gold pieces
 71185 | Elf:1    | Bought a scroll of silence for 123 gold pieces
 71365 | D:14     | Bought 2 potions of invisibility for 240 gold pieces
 71525 | Vaults:5 | Entered Level 5 of the Vaults
 72172 | Vaults:5 | Noticed a dread lich
 72204 | Vaults:5 | Killed a dread lich
 72446 | Vaults:5 | Noticed Sojobo
 72511 | Vaults:5 | Killed Sojobo
 72687 | Vaults:5 | Noticed Margery
 72716 | Vaults:5 | Killed Margery
 72775 | Vaults:5 | Reached XP level 24. HP: 223/223 MP: 39/39
 72925 | Vaults:5 | Reached skill level 10 in Dodging
 73183 | Vaults:5 | Noticed an ancient lich
 73218 | Vaults:5 | Killed an ancient lich
 73824 | Vaults:5 | Found the +16 obsidian axe {drain, demonic, Mesm ^Drain Fly
                  | SInv}
 73832 | Vaults:5 | Acquired 1113 gold pieces
 73857 | Vaults:5 | Identified the +5 helmet of the Wasteland {Rampage +Blink
                  | Stlth-}
 73995 | Vaults:5 | Identified the +6 chain mail of Midnight {rF+}
 74296 | Vaults:5 | Got a silver rune of Zot
 74670 | Zot:1    | Entered Level 1 of the Realm of Zot
 74670 | Zot:1    | Noticed Parghit
 74862 | Depths:4 | Killed Parghit
 75182 | Zot:1    | Noticed Vv
 75222 | Zot:1    | Killed Vv
 76264 | Zot:1    | Identified the +0 chain mail "Qedy" {rF+ Int+2}
 76909 | Zot:1    | Found the +4 dragonskin cloak
 76909 | Zot:1    | Noticed Tiamat
 77000 | Zot:2    | Reached skill level 25 in Invocations
 77036 | Zot:2    | Killed Tiamat
 77037 | Zot:2    | Reached XP level 25. HP: 193/234 MP: 39/39
 77866 | Zot:3    | Noticed an orb of fire
 77883 | Zot:3    | Killed an orb of fire
 77981 | Zot:3    | Identified the -1 buckler of a bazaar {rC+}
 78674 | Zot:4    | Identified the +11 trident "Adeomuf" {venom, rN++ rCorr
                  | Dex+4}
 79578 | Zot:4    | Reached skill level 26 in Invocations
 79578 | Zot:4    | Gained mutation: You can hurl damnation. [demonic ancestry]
 79578 | Zot:4    | Reached XP level 26. HP: 244/244 MP: 40/40
 79613 | Zot:4    | Noticed an orb of fire
 79688 | Zot:5    | Entered Level 5 of the Realm of Zot
 80393 | Zot:5    | Noticed an orb of fire
 80404 | Zot:4    | Gained mutation: Armour fits poorly on your strangely
                  | shaped body. [an orb of fire]
 80427 | Zot:4    | Gained mutation: You sometimes lose your temper in combat.
                  | [an orb of fire]
 80433 | Zot:4    | Killed an orb of fire
 80497 | Zot:4    | Lost mutation: Armour fits poorly on your strangely shaped
                  | body. [potion of mutation]
 80497 | Zot:4    | Lost mutation: You have large cloven feet. [potion of
                  | mutation]
 80497 | Zot:4    | Gained mutation: You are dopey. (Int -2) [potion of
                  | mutation]
 80498 | Zot:4    | Lost mutation: You are robust. (+10% HP) [potion of
                  | mutation]
 80498 | Zot:4    | Lost mutation: You sometimes lose your temper in combat.
                  | [potion of mutation]
 80498 | Zot:4    | Lost mutation: You are dopey. (Int -2) [potion of mutation]
 80498 | Zot:4    | Gained mutation: You have hidden genetic potential. [potion
                  | of mutation]
 80498 | Zot:4    | Gained mutation: You have a pair of small horns on your
                  | head. [potion of mutation]
 80508 | Zot:5    | Noticed an ancient lich
 80529 | Zot:4    | Killed an ancient lich
 80659 | Zot:5    | Noticed an ancient lich
 80795 | Zot:5    | Noticed an orb of fire
 81130 | Zot:4    | Gained mutation: You are weak. (Str -2) [an orb of fire]
 81131 | Zot:4    | Gained mutation: You are clumsy. (Dex -2) [an orb of fire]
 81136 | Zot:4    | Killed an orb of fire
 81186 | Zot:5    | Killed an ancient lich
 81452 | Zot:5    | Reached skill level 27 in Invocations
 81480 | Zot:5    | Noticed an ancient lich
 81501 | Zot:5    | Killed an ancient lich
 81682 | Zot:5    | Noticed a dread lich
 81725 | Zot:5    | Killed a dread lich
 82085 | Zot:5    | Noticed a dread lich
 82115 | Zot:5    | Killed a dread lich
 82129 | Zot:5    | Noticed an orb of fire
 82143 | Zot:5    | Gained mutation: You are vulnerable to cold. (rC-) [an orb
                  | of fire]
 82181 | Zot:5    | Reached XP level 27. HP: 211/231 MP: 16/40
 82229 | Zot:5    | Gained mutation: You are very clumsy. (Dex -4) [an orb of
                  | fire]
 82250 | Zot:5    | Killed an orb of fire
 82319 | Zot:5    | Noticed an orb of fire
 82350 | Zot:5    | Gained mutation: Potions are less effective at restoring
                  | your health. [an orb of fire]
 82351 | Zot:5    | Killed an orb of fire
 82634 | Zot:5    | Gained mutation: You are vulnerable to heat. (rF-)
                  | [mutagenic glow]
 83178 | Zot:5    | Got the Orb of Zot
 83306 | Zot:1    | Gained mutation: A frigid envelope surrounds you and
                  | freezes all who hurt you. [a cacodemon]
 83314 | Zot:1    | Gained mutation: Your health recovers twice as slowly from
                  | being drained. [a cacodemon]
 83685 | D:11     | Noticed Xiwal the pandemonium lord
 83886 | D:$      | Escaped with the Orb!

Illustrated notes

Levels and vault maps discovered:
D:1:      amcnicky_arrival_choice, layout_rooms
D:2:      minmay_evil_eye, layout_basic, grunt_ministairs_6, st_stairs_13,
          minmay_pentomino_x2, uniq_terence, uniq_jessica
D:3:      layout_loops_ring, cheibrodos_sewer_entry_sluice
D:4:      layout_gridville, temple_fountains, uniq_robin, uniq_grinder,
          uniq_sigmund
D:5:      layout_basic, serial_demonic, serial_demonic_e, serial_demonic_e,
          serial_demonic_c, serial_demonic_d, uniq_edmund
D:6:      layout_basic, mainiacjoe_overflow_24_doors,
          hangedman_abyss_or_decor_stabs
D:7:      layout_loops_corners, serial_shops, nicolae_shop_tiny_real_fake_doors,
          kennysheep_generic_room_3, uniq_menkaure
D:8:      layout_cave_pools, nicolae_shop_firing_range
D:9:      layout_loops_ring, lightli_bailey_entry_fortress,
          nicolae_alphabet_shops, uniq_erolcha
D:10:     layout_stronghold, minitemple, serial_rivers,
          chequers_serial_rivers_micro_c, chequers_serial_rivers_room_b,
          chequers_serial_rivers_small_b, chequers_serial_rivers_micro_d,
          chequers_serial_rivers_marsh, chequers_serial_rivers_small_b,
          nicolae_shop_i_like_small_books_too, uniq_psyche
D:11:     layout_cave_pools, hellmonk_lair_entry_icy
D:12:     layout_basic, david_orc_4, nemelex_diamond_rough_becter
D:13:     layout_stronghold, hangedman_vaults_entry_quadrant_bands,
          serial_column_ruins, column_ruins_columns_corner,
          column_ruins_columns_corner, column_ruins_grid_3,
          column_ruins_corridor_T, column_ruins_open_medium,
          column_ruins_open_tiny_water
D:14:     layout_basic, serial_shops, nicolae_stop_n_shop_1,
          serial_co_window_serial, co_window_corner_a, co_window_corner_a,
          co_window_corner_a, co_window_paths_b, co_window_paths_a,
          co_window_paths_b, co_window_corner_a, co_window_of_opportunity_b,
          co_window_paths_c, co_window_broadway_a, co_window_broadway_b,
          co_window_cross_2, glass_columns_a, glass_columns_a, glass_columns_a,
          dreamdust_wishing_well, uniq_azrael
D:15:     hellmonk_depths_entry_around_the_bend, layout_stronghold,
          minmay_shop_grid_forest, hellmonk_guarded_unrand_seven_league_boots
Temple:   hellmonk_temple_of_storms
Lair:1:   layout_hall_layers, infiniplex_staircase_pool_2
Lair:2:   layout_gridlike, mainiacjoe_swamp_entry_angry_trees,
          minmay_snake_entry_guardpost_small
Lair:3:   layout_layer_cave, nicolae_quartered_pool_little, grunt_megastairs_2
Lair:4:   layout_small_grid
Lair:5:   minmay_lair_end_frog_pond, layout_loops_ring, dpeg_slime_entry_corner,
          gammafunk_ghost_grave
Swamp:1:  layout_basic_swamp, portal_ice_cave_entry_pillars_1,
          serial_swamp_ruin, evilmike_swamp_ruin_rubble_2,
          evilmike_swamp_ruin_rubble_1
Swamp:2:  layout_basic_swamp, evilmike_swamp_ruin_house_2, swamp_pool_3,
          nzn_swamp_stair_ambush
Swamp:3:  layout_falls_marsh, hangedman_swamp_diagram, swamp_pool_4
Swamp:4:  swamp_old_school, layout_basic_swamp, swamp_pool_1_2,
          nicolae_swamp_dense_foliage, infiniplex_staircase_pool
Snake:1:  layout_chambers, serial_bayou_shore_b, minmay_shoptagon
Snake:2:  layout_chambers, gammafunk_ghost_cemetery, serial_shops, shop
Snake:3:  layout_grid_maze, basic_altar, nicolae_snake_the_dead_are_slithering
Snake:4:  snake_pit_salamanders_mu, layout_cave_town
Orc:1:    layout_diamond_mine, basic_altar, mines3_lemuel
Orc:2:    grunt_orc_tribal_feast, layout_diamond_mine
Elf:1:    eino_elf_arrival_sip, layout_geoelf_grid, minmay_elf_demonology,
          minmay_shop_star
Elf:2:    elven_hall_of_blades_hangedman_original
          [nicolae_blade_entry_crossed_weapons], layout_loops_cross,
          onia_ninara_cookie
Elf:3:    minmay_elf_hall_x, layout_loops_corners, serial_shops,
          nicolae_shop_rolling_square, nicolae_shop_bloodbath_and_beyond,
          nicolae_shop_tiny_glass, basic_altar, uniq_louise, uniq_saint_roka,
          uniq_zenata
Vaults:1: hangedman_vaults_stitches, grunt_vaults_bifocal, v_misc_27,
          nicolae_vaults_library_corner, vaults_room_octagon,
          vaults_dpeg_encased_lava, serial_ice_g, v_misc_29,
          nicolae_vaults_tangram_1, ontoclasm_vaults_shuriken,
          nicolae_vaults_six-pack, nicolae_vaults_variable_pillar_hall,
          vaults_dpeg_ring, nicolae_vaults_closet_pinwheel_3,
          vaults_dpeg_diagonal, layout_vaults_ring
Vaults:2: nicolae_vaults_apartment_1, v_alt_pattern_5, nicolae_vaults_alarming,
          nicolae_vaults_security_offices_3, hangedman_vaults_hat, v_misc_3,
          nicolae_vaults_rhombus_7, v_misc_27,
          nicolae_vaults_trapezoid_lopsided_3, layout_vaults_omnigrid
Vaults:3: v_misc_18, minmay_guarded_unrand_guard, ontoclasm_vaults_tryst,
          v_misc_15, vaults_room_fours, dpeg_vaults_monster_row, v_misc_27,
          nicolae_vaults_two_Ls, nicolae_vaults_turnstiles,
          layout_vaults_chaotic_city, minmay_crypt_entry_nasty_monster
Vaults:4: st_cross, hangedman_vaults_restitches,
          nicolae_vaults_closet_pinwheel_4,
          nicolae_vaults_offset_grid_hallway_3, ontoclasm_vaults_idyll,
          v_misc_26, nicolae_vaults_tangram_1, vaults_mumra_hexcomb,
          v_alt_pattern_4, nicolae_vaults_asterisk, nicolae_vaults_theta,
          nicolae_vaults_tetromino_L_1, vaults_dpeg_hooks, minmay_orc_keep,
          layout_vaults_omnicross
Vaults:5: uniq_sojobo, uniq_margery
Crypt:1:  layout_misc_corridors, grunt_crypt_arrival_webbed, uniq_mennas
Crypt:2:  layout_misc_corridors, grunt_megastairs_1, uniq_josephina
Depths:1: layout_gridlike, elyvilon_altar_1, minmay_room_of_horrors, hell_entry,
          minmay_tree_intersection, minmay_misc_feat_square, dk_noncrumbling_3,
          nicolae_kite_square_tiling_tiny, grunt_ministairs_13,
          kennysheep_pointless_box, minmay_misc_feat_rows, st_stairs_7,
          nicolae_wu_jian_immortal_techniques, firewood_loft
Depths:2: minmay_the_grid_square_5x5_4x4_mashed
          [minmay_the_grid_square_5x5_moneybag,
          minmay_the_grid_square_5x5_two_walls_a,
          minmay_the_grid_square_5x5_one_wall,
          minmay_the_grid_square_5x5_inverted_slash,
          minmay_the_grid_square_5x5_checkered_sparse,
          minmay_the_grid_square_5x5_prize_rear_guard,
          minmay_the_grid_square_5x5_prize_itemx,
          minmay_the_grid_square_5x5_fancy_junction,
          minmay_the_grid_square_5x5_c, minmay_the_grid_square_5x5_prize_junk,
          minmay_the_grid_square_5x5_prize_waves,
          minmay_the_grid_square_5x5_misaligned,
          minmay_the_grid_square_5x5_intrusive_squares,
          minmay_the_grid_square_5x5_sharp_hourglass,
          minmay_the_grid_square_5x5_shrine2,
          minmay_the_grid_square_5x5_minibox], layout_basic, enter_ziggurat_b,
          rand_demon_pan_entry_1, hangedman_abyss_entry_splay, hell_entry
Depths:3: kennysheep_bubble_arena, layout_cave_pools, ebering_ghost_gozag,
          hell_entry, abyss_entry_small_statue_room,
          nicolae_elevator_lobby_plus, infiniplex_staircase_x
Depths:4: grunt_zot_entry_alcove, layout_cave_shapes, serial_shops, shop,
          hell_entry, nicolae_cairo_tiling_very_big, library_closet
Zot:1:    layout_concentric_octagons, regret_index_zotdec_banners, uniq_vv,
          uniq_parghit, uniq_tiamat
Zot:2:    layout_misc_corridors
Zot:3:    layout_misc_corridors, regret_index_zotdec_bone_old,
          grunt_megastairs_5
Zot:4:    layout_twisted_circle, nrook_zot_tub, grunt_megastairs_4
Zot:5:    layout_misc_corridors

Skill      XL: |  1  2  3  4  5  6  7  8  9 10 11 12 13 14 15 16 17 18 19 20 21 22 23 24 25 26 27 |
---------------+----------------------------------------------------------------------------------+-----
Fighting       | 2 3 5 6 7 8 9 10 11 12 14 16 17 18 19 20 21 22 | 22.3
Maces & Flails | 4 8 10 12 13 14 16 | 16.0
Armour         | 5 6 8 9 10 12 14 15 16 17 18 19 20 | 20.1
Invocations    | 5 7 8 10 16 20 24 25 26 27 | 27.0
Shields        | 8 10 12 15 16 17 18 19 20 | 20.0
Evocations     | 5 6 10 | 10.0
Spellcasting   | 6 |  6.0
Dodging        | 4 6 9 11 12 13 14 | 14.1
Stealth        | |  0.8

Action                     |  1- 3 |  4- 6 |  7- 9 | 10-12 | 13-15 | 16-18 | 19-21 | 22-24 | 25-27 || total
---------------------------+-------+-------+-------+-------+-------+-------+-------+-------+-------++-------
  Melee: Club              |    58 |       |       |       |       |       |       |       |       ||    58
         Spear             |    48 |   156 |    58 |       |       |       |       |       |       ||   262
         Touch             |    14 |    24 |    44 |    68 |    19 |       |       |       |       ||   169
         Punch             |       |     1 |     5 |     7 |     1 |       |       |       |       ||    14
         Flail             |       |       |   225 |   391 |  1308 |       |       |       |       ||  1924
         Eveningstar       |       |       |       |       |    61 |  1440 |  1961 |  2350 |   894 ||  6706
         Demon whip        |       |       |       |       |       |       |    22 |   124 |   229 ||   375
         Headbutt          |       |       |       |       |       |       |       |       |   183 ||   183
  Throw: Stone             |     3 |       |       |       |       |       |       |       |       ||     3
         Dart              |       |       |    12 |       |       |       |       |       |       ||    12
         Javelin           |       |       |       |       |       |       |     1 |       |       ||     1
 Invoke: Minor Destruction |       |       |       |    52 |   131 |    22 |       |       |       ||   205
         Lesser Servant of |       |       |       |     3 |       |       |       |       |       ||     3
         Major Destruction |       |       |       |    10 |    24 |    16 |     3 |     3 |    10 ||    66
         Greater Servant o |       |       |       |       |     5 |    12 |     6 |     9 |     5 ||    37
  Evoke: Wand              |     2 |     4 |    15 |     3 |       |    17 |     1 |       |       ||    42
         Phantom mirror    |       |       |       |     1 |       |     1 |       |       |       ||     2
    Use: Scroll            |     4 |       |     5 |     4 |    16 |    12 |    12 |    12 |     5 ||    70
         Potion            |       |       |       |     1 |     7 |     7 |     6 |     4 |     9 ||    34
   Stab: Sleeping          |     1 |       |       |       |       |       |       |       |       ||     1
         Paralysed         |       |       |     1 |       |       |       |       |       |       ||     1
         Distracted        |       |       |       |     2 |     2 |     4 |     2 |     6 |     4 ||    20
         Confused          |       |       |       |       |       |       |       |     1 |       ||     1
 Armour: Leather armour    |    44 |       |       |       |       |       |       |       |       ||    44
         Scale mail        |     7 |    56 |     4 |       |       |    62 |       |       |       ||   129
         Ring mail         |       |       |   158 |       |       |       |       |       |       ||   158
         Plate armour      |       |       |    29 |   235 |   871 |   684 |   606 |       |       ||  2425
         Crystal plate arm |       |       |       |       |       |       |   243 |  1410 |   618 ||  2271
  Dodge: Dodged            |    51 |    45 |    92 |    84 |   180 |   120 |   166 |   313 |   149 ||  1200
  Block: Kite shield       |       |       |       |       |   578 |   355 |   417 |  2105 |   834 ||  4289
         Reflection        |       |       |       |       |       |   153 |    79 |    35 |    22 ||   289
         Tower shield      |       |       |       |       |       |   878 |  1608 |       |       ||  2486
